AoeStats
← |MP| patrick

Oasis

508779064Analyzed
4v4 RM · 8d ago on Sep 24, 2026· 36m 25s· 8 players
Game mode
Random Map
Map size
Large (8 player)
Population
200
Speed
Normal
Resources
Standard
Victory
Conquest
Starting age
Dark Age
Ending age
Imperial Age
RankedLock teamsTeams togetherTeam positionsShared explorationLock speedFull tech treeHidden civsTurbo modeCheats
Victory
Defeat
🇦🇷 Vietnamese · Argentina
1531
+11
🇦🇷 Lithuanians · Argentina
1463
+13
🇦🇷 Chinese · Argentina
1413
+15
🇦🇷 Persians · Argentina
1392
+16
🇻🇳 Mongols · Vietnam
1495
-17
🇲🇽 Saracens · Mexico
1396
-14
🇹🇼 Persians · Taiwan
1369
-13
🇺🇸 Franks · United States
1336
-11
|MP| layc0ni
0:26 Loom
10:12 Feudal Age
14:50 Double-Bit Axe
17:10 Fletching
21:44 Castle Age
19:56 Gold Mining
21:06 Padded Archer Armor
22:20 Bodkin Arrow
22:01 Crossbowman
27:22 Ballistics
32:59 Thumb Ring
34:18 Bow Saw
33:52 Horse Collar
35:20 Wheelbarrow
34:30 Town Watch
35:39 Leather Archer Armor
36:19 Gold Shaft Mining
[MP] Lauchav
6:01 Loom
9:25 Feudal Age
11:21 Scale Barding Armor
12:06 Wheelbarrow
12:05 Double-Bit Axe
16:58 Horse Collar
17:36 Forging
22:17 Castle Age
20:51 Scale Barding Armor
21:00 Bloodlines
20:54 Gold Mining
23:21 Chain Barding Armor
24:02 Bow Saw
28:00 Husbandry
29:58 Iron Casting
33:21 Hand Cart
34:55 Heavy Plow
35:09 Town Watch
|MP| Equisd3
6:52 Loom
9:03 Feudal Age
9:34 Double-Bit Axe
10:39 Horse Collar
20:32 Castle Age
18:51 Scale Barding Armor
18:49 Gold Mining
19:32 Forging
19:48 Bloodlines
21:16 Bow Saw
21:43 Wheelbarrow
22:24 Husbandry
25:18 Chain Barding Armor
30:00 Iron Casting
34:49 Imperial Age
33:30 Hand Cart
33:51 Town Watch
34:24 Stone Mining
35:50 Plate Barding Armor
36:19 Blast Furnace
34:50 Cavalier
37:10 Plate Barding Armor
|MP| patrick
6:46 Loom
9:50 Feudal Age
10:22 Double-Bit Axe
13:54 Fletching
13:37 Man-at-Arms
16:52 Horse Collar
19:16 Wheelbarrow
22:19 Castle Age
20:33 Gold Mining
21:22 Padded Archer Armor
22:21 Crossbowman
22:56 Bodkin Arrow
25:01 Town Watch
30:07 Hand Cart
30:56 Bow Saw
31:07 Stone Mining
35:46 Imperial Age
33:30 Thumb Ring
34:24 Ballistics
35:44 Leather Archer Armor
35:49 Horse Collar
35:52 Arbalester
36:32 Bracer
36:40 Bracer
37:42 Chemistry
36:10 Arbalester
Dusk_
7:15 Loom
9:38 Feudal Age
10:15 Double-Bit Axe
11:44 Scale Barding Armor
11:50 Forging
12:18 Town Watch
17:35 Castle Age
17:43 Gold Mining
18:33 Bow Saw
18:48 Chain Barding Armor
19:39 Husbandry
20:19 Iron Casting
26:55 Wheelbarrow
28:55 Light Cavalry
32:22 Gold Shaft Mining
OM | Massiosare
10:16 Feudal Age
24:25 Padded Archer Armor
31:08 Castle Age
28:53 Loom
32:33 Stone Mining
mung bean cake
6:49 Loom
9:10 Feudal Age
9:36 Double-Bit Axe
9:51 Horse Collar
14:32 Scale Barding Armor
16:43 Bloodlines
21:44 Castle Age
21:55 Forging
21:36 Light Cavalry
22:37 Chain Barding Armor
22:50 Husbandry
23:33 Bow Saw
23:30 Heavy Plow
28:19 Wheelbarrow
31:13 Iron Casting
31:54 Gold Mining
35:23 Hand Cart
34:53 Town Watch
This is Kawaii
5:50 Loom
8:13 Feudal Age
13:07 Double-Bit Axe
14:07 Horse Collar
22:04 Castle Age
20:25 Stone Mining
20:43 Gold Mining
23:12 Bow Saw
24:40 Wheelbarrow
26:43 Fletching
Connection lost

Rejoining the realm…

Still unreachable

The connection could not be restored.

Session expired

The server has moved on; the page needs a fresh start.